 Dungeon Crawl Stone Soup version 0.17-a0-1572-g7a1422d (webtiles) character file.

72 urechis the Skirmisher (level 4, 27/29 HPs)
             Began as a Gargoyle Fighter on July 25, 2015.
             Quit the game on level 2 of the Dungeon.
             The game lasted 00:02:03 (1324 turns).

urechis the Skirmisher (Gargoyle Fighter)           Turns: 1324, Time: 00:02:03

Health: 27/29      AC: 11    Str: 20    XL:     4   Next: 25%
Magic:  4/4        EV: 10    Int:  8    God:
Gold:   64         SH:  0    Dex: 10    Spells: 0 memorised, 3 levels left

rFire  . . .     SeeInvis .     a - +0 flail
rCold  . . .     Clarity  .     b - +0 scale mail
rNeg   + . .     SustAt   .     (no shield)
rPois  ∞         Gourm    .     l - +0 helmet (curse)
rElec  +         Spirit   .     (no cloak)
rCorr  .         Warding  .     (no gloves)
rMut   .         Stasis   .     (no boots)
MR     .....                    (no amulet)
Stlth  ..........               (no ring)
                                (no ring)

@: not resistant to hostile enchantments, extremely unstealthy
A: negative energy resistance 1, electricity resistance, unbreathing,
petrification resistance, rot immunity, AC +3
a: no special abilities


You were on level 2 of the Dungeon.
You were hungry.

You visited 1 branch of the dungeon, and saw 2 of its levels.

You collected 64 gold pieces.

Inventory:

Hand weapons
 a - a +0 flail (weapon)
Armour
 b - a +0 scale mail (worn)
 c - a +0 shield
 l - a cursed +0 helmet (worn)
Scrolls
 f - a scroll of fear {unknown}
 g - a scroll of identify {unknown}
 h - a scroll of remove curse {unknown}
 k - a scroll of magic mapping {unknown}
 m - a scroll of fog {unknown}
 o - a scroll of teleportation {unknown}
Potions
 e - 3 potions of might
 i - a potion of flight {unknown}
 j - a potion of agility {unknown}
 n - a potion of curing {unknown}
 r - a potion of lignification {unknown}
Comestibles
 d - 4 bread rations
 p - a meat ration
 q - a chunk of flesh


   Skills:
 + Level 3.9 Fighting
 * Level 3.5 Maces & Flails
 - Level 3.2 Armour
 + Level 1.0 Dodging
 + Level 0.2 Stealth
 - Level 3.2 Shields


You had 3 spell levels left.
You didn't know any spells.

Dungeon Overview and Level Annotations

Branches:
Dungeon (2/15)

Altars:
Cheibriados


Innate Abilities, Weirdness & Mutations

You are resistant to torment.
Your stone body is resilient (AC +3).
You are immune to poison.
You resist negative energy.
You are resistant to electric shocks.
You can survive without breathing.
You are immune to petrification.
You are immune to rotting.


Message History

You miss the adder.
The adder is heavily wounded.
The adder bites you but does no damage. x2
You hit the adder but do no damage.
The adder is heavily wounded.
The adder bites you but does no damage.
You hit the adder but do no damage.
The adder is heavily wounded.
The adder bites you but does no damage. x2
You sock the adder!
You kill the adder!
Your Dodging skill increases to level 1!
No target in view!
No target in view!
No target in view!
A hobgoblin comes into view.
The hobgoblin shouts!
Unknown command.
Unknown command.
Are you sure you want to abandon this character and quit the game? (Confirm with "yes".)

..#.............#............#.#
<.#.............#.#........#.#.#
..#...........(.#.#.#......#.#.#
..#.............#.#........#.#.#
..#.).................####.#.#.#
#.......####.##.#.[........#.#.#
#(.................#.#######.#.#
............###..............#.#
#.......(.......@....#########.#
#...........###.##...........#.#
#######..... #.##.#########.#.#
##+## #. #.# #.# #. #g #.# #.#
##### #.# #. #.# #.#
....#####.#####. #.# #.#
....##........#. #.####### #.#
....##........# #.#.....# #.#


You could see a hobgoblin.

Vanquished Creatures
  2 adders (D:2)
  An ooze (D:2)
  2 worms (D:2)
  2 giant geckos
  2 ball pythons
  5 goblins
  7 hobgoblins
  5 jackals (D:2)
  6 bats
  2 giant cockroaches (D:2)
  A giant newt (D:2)
  4 kobolds
  A rat (D:2)
40 creatures vanquished.

Vanquished Creatures (others)
  A giant cockroach (D:2)
1 creature vanquished.

Grand Total: 41 creatures vanquished

Notes
Turn   | Place    | Note
--------------------------------------------------------------
     0 | D:1      | urechis the Gargoyle Fighter began the quest for the Orb.
     0 | D:1      | Reached XP level 1. HP: 14/14 MP: 1/1
     9 | D:1      | Noticed an electric eel
   139 | D:1      | Reached XP level 2. HP: 16/19 MP: 2/2
   755 | D:2      | Reached XP level 3. HP: 8/24 MP: 3/3
  1052 | D:2      | Found a snail-covered altar of Cheibriados.
  1192 | D:2      | Reached XP level 4. HP: 25/29 MP: 4/4
  1314 | D:2      | Reached skill level 1 in Dodging
  1324 | D:2      | Quit the game

Vault maps used:
D:1:      arrival_aquarium_a
D:2:      nicolae_overflow_hidden_temple, fiery_altar_vehumet, first_bread

Action                   |  1- 3 |  4- 6 || total
-------------------------+-------+-------++-------
Melee: Flail             |   116 |    42 ||   158
  Eat: Chunk             |       |     1 ||     1
